Devils vs Panthers

Created - 14 novembre 2017 at 19:09

Goals
1 2 3 OT1 T
Devils 1 1 0 1 3
Panthers 0 1 1 0 2
Shots
1 2 3 OT1 T
Devils 7 17 9 1 34
Panthers 8 12 11 1 32

1st period

1. Devils , Dougie Hamilton 3 (Anton Stralman 7, Dustin Brown 5) at 0:26

Penalties :
Nikolaj Ehlers (FLA) for High sticking (Minor) at 5:05

2nd period

2. Devils , Ales Hemsky 2 (Bryan Bickell 1) at 6:54
3. Panthers , Danny DeKeyser 2 (Patrik Laine 12, Joe Thornton 14) at 12:55

Penalties :
Jacob Trouba (FLA) for Hooking (Minor) at 0:24, Dustin Brown (NJD) for Holding (Minor) at 2:24, Jakub Kindl (NJD) for Tripping (Minor) at 6:59

3rd period

4. Panthers , Justin Braun 1 (Mikkel Boedker 2, Danny DeKeyser 6) at 9:25

Penalties :
Brooks Orpik (FLA) for Tripping (Minor) at 2:28, Dustin Brown (NJD) for Roughing (Minor) at 18:57

Overtime #1

5. Devils , Ales Hemsky 3 (Drew Stafford 6, Anton Stralman 8) at 2:47

Penalties :
No Penalty

Goalie Stats

Michal Neuvirth (NJD), 30 saves from 32 shots - (0.938), W, 3-11-2, 62:48 minutes
Marc-Andre Fleury (FLA), 31 saves from 34 shots - (0.912), OTL, 9-5-4, 62:48 minutes

Players Stats for Devils

Player Name              G  A  P  +/- PIM S  H  SB GA TA FO     MP     PP MP  PK MP  
------------------------------------------------------------------------------------
Adam Pardy               0  0  0   0  0   1  0  0  0  0  0/0    13:18   0:00   0:00 
Ales Hemsky              2  0  2   1  0   3  0  0  0  0  0/2    17:35   3:22   0:00 
Anton Stralman           0  2  2   2  0   3  0  0  0  0  0/0    23:25   2:39   2:49 
Boyd Gordon              0  0  0  -1  0   0  0  0  0  0  15/19  18:31   3:22   0:31 
Bryan Bickell            0  1  1   0  0   0  0  0  0  0  2/14   14:21   0:00   0:51 
Chris Terry              0  0  0   0  0   0  1  0  0  0  0/1     7:00   0:00   0:00 
Darren Helm              0  0  0   1  0   2  3  0  0  0  12/26  20:28   2:35   2:24 
Dougie Hamilton          1  0  1   1  0   3  2  2  0  0  0/0    26:00   2:39   2:46 
Drew Stafford            0  1  1   0  0   3  3  0  0  0  0/1    19:25   3:22   0:38 
Dustin Brown             0  1  1   1  4   6  3  0  0  0  1/10   22:06   2:35   1:21 
Jakub Kindl              0  0  0   0  2   0  2  1  0  0  0/0    13:25   0:00   0:11 
Justin Schultz           0  0  0  -1  0   5  1  1  0  0  0/0    22:35   3:18   3:00 
Mike Cammalleri          0  0  0   1  0   4  0  0  0  0  2/4    25:36   2:35   3:31 
Pavel Zacha              0  0  0  -1  0   2  1  0  0  0  0/1    16:36   0:00   0:00 
Ryan Pulock              0  0  0   0  0   0  0  0  0  0  0/0     1:12   0:00   0:00 
Scott Wilson             0  0  0   0  0   0  1  0  0  0  1/5    15:34   0:00   1:41 
Shayne Gostisbehere      0  0  0  -1  0   2  1  2  0  0  0/0    21:50   3:18   3:08 
Steven Kampfer           0  0  0   0  0   0  1  1  0  0  0/0     4:24   0:00   0:00 

Players Stats for Panthers

Player Name              G  A  P  +/- PIM S  H  SB GA TA FO     MP     PP MP  PK MP  
------------------------------------------------------------------------------------
Blake Wheeler            0  0  0   1  0   2  1  0  0  0  0/1    19:17   2:25   2:25 
Brian Campbell           0  0  0   0  0   1  1  1  0  0  0/0    15:36   2:03   0:00 
Brooks Orpik             0  0  0   0  2   1  0  0  0  0  0/0    15:04   0:00   1:00 
Danny DeKeyser           1  1  2   1  0   2  0  3  0  0  0/0    19:29   0:00   2:16 
David Perron             0  0  0  -1  0   1  0  0  0  0  0/1    11:37   0:00   0:04 
Jacob Trouba             0  0  0  -1  2   0  11 2  0  0  0/0    25:27   2:57   2:28 
Jesper Fast              0  0  0   1  0   3  0  0  0  0  0/2    10:21   0:00   3:28 
Joe Thornton             0  1  1   1  0   3  1  0  0  0  10/16  16:52   2:25   0:00 
Jori Lehtera             0  0  0   0  0   0  0  0  0  0  9/12   11:19   0:00   0:00 
Justin Braun             1  0  1   0  0   2  2  2  0  0  0/0    21:27   2:03   2:29 
Logan Couture            0  0  0  -3  0   2  5  0  0  0  19/31  23:24   2:35   2:25 
Matthew Tkachuk          0  0  0   0  0   2  2  0  0  0  1/2    12:05   0:42   0:04 
Mikkel Boedker           0  1  1   1  0   1  0  0  0  0  0/0     6:53   0:00   0:00 
Nikolaj Ehlers           0  0  0  -2  2   3  1  0  0  0  2/3    18:55   1:43   0:00 
Patrick Kane             0  0  0  -2  0   4  0  0  0  0  0/0    21:33   2:35   0:00 
Patrik Laine             0  1  1   1  0   5  0  0  0  0  2/2    17:01   2:35   0:00 
T.J. Brodie              0  0  0  -1  0   0  0  0  0  0  0/0    26:40   2:57   3:41 
Tanner Kero              0  0  0   1  0   0  0  0  0  0  7/13   10:21   0:00   3:28 

3 Stars

1 - Ales Hemsky (NJD)
2 - Danny DeKeyser (FLA)
3 - Dougie Hamilton (NJD)

Power Play

Devils - 0 on 3 Attempt(s) - 0.00%
Panthers - 0 on 3 Attempt(s) - 0.00%

Penalty Kill

Devils - 3 on 3 Attempt(s) - 100.00% - Score 0 goal in Penalty Kill
Panthers - 3 on 3 Attempt(s) - 100.00% - Score 0 goal in Penalty Kill

Team Stat

Devils - Hits : 19 - Faceoff Wins : 33 - Blocked Shots : 7 - Penalty Minutes : 6
Panthers - Hits : 24 - Faceoff Wins : 50 - Blocked Shots : 8 - Penalty Minutes : 6

Official

Referees : Tom Kowal and Eric Furlatt
Linesman : Pierre Racicot and Bryan Pancich

Game Notes

No Game Note

Finance

Level 1 -- Attendance: 6000 (100.00%) -- Ticket Income 642 000 $
Level 2 -- Attendance: 4882 (97.64%) -- Ticket Income 366 150 $
Level 3 -- Attendance: 2952 (84.34%) -- Ticket Income 144 648 $
Level 4 -- Attendance: 2860 (76.27%) -- Ticket Income 62 920 $
Luxury Box -- Attendance: 1000 (100.00%) -- Ticket Income 202 000 $
Game was played at the BBT Center.
Total Attendance: 17694 (91.92%)
Total Ticket Income: 1 417 718 $
Other Income: 212 658 $
Total Income: 1 630 376 $

% Time on Ice - Devils

Lines # - Real PCT - Wanted PCT - Time Play
Normal Forward
1 - 31% - 40% - 15:11
2 - 31% - 30% - 14:59
3 - 25% - 20% - 12:27
4 - 13% - 10% - 6:26
Normal Defense
1 - 36% - 40% - 17:34
2 - 29% - 30% - 14:07
3 - 27% - 20% - 13:15
4 - 8% - 10% - 4:07
PP Forward
1 - 43% - 60% - 2:35
2 - 57% - 40% - 3:22
PP Defense
1 - 45% - 60% - 2:39
2 - 55% - 40% - 3:18
PK Forward
1 - 87% - 60% - 4:22
2 - 13% - 40% - 0:38
PK Defense
1 - 45% - 60% - 2:14
2 - 55% - 40% - 2:46
PK3 Forward
1 - 100% - 60% - 0:57
2 - 0% - 40% - 0:00
PK3 Defense
1 - 61% - 60% - 0:35
2 - 39% - 40% - 0:22
44 Forward
1 - 0% - 60%
2 - 0% - 40%
44 Defense
1 - 0% - 60%
2 - 0% - 40%
Last Minute Offensive  - 0:00
Last Minute Defensive  - 0:00
Total
Forward - 60:57
Defense - 60:57

% Time on Ice - Panthers

Lines # - Real PCT - Wanted PCT - Time Play
Normal Forward
1 - 35% - 40% - 17:13
2 - 28% - 30% - 13:38
3 - 23% - 20% - 11:19
4 - 14% - 10% - 6:53
Normal Defense
1 - 38% - 40% - 18:49
2 - 34% - 37% - 16:41
3 - 28% - 23% - 13:33
4 - 0% - 0% - 0:00
PP Forward
1 - 52% - 60% - 2:35
2 - 48% - 40% - 2:25
PP Defense
1 - 59% - 60% - 2:57
2 - 41% - 40% - 2:03
PK Forward
1 - 59% - 60% - 3:32
2 - 41% - 40% - 2:25
PK Defense
1 - 62% - 60% - 3:41
2 - 38% - 40% - 2:16
PK3 Forward
1 - 0% - 60%
2 - 0% - 40%
PK3 Defense
1 - 0% - 60%
2 - 0% - 40%
44 Forward
1 - 100% - 60% - 0:57
2 - 0% - 40% - 0:00
44 Defense
1 - 44% - 60% - 0:25
2 - 56% - 40% - 0:32
Last Minute Offensive  - 0:00
Last Minute Defensive  - 0:00
Total
Forward - 60:57
Defense - 60:57

Play by Play

1st period


0:01 of 1st period - Logan Couture wins face-off versus Darren Helm in neutral zone.
0:22 of 1st period - Shot by Dustin Brown.
0:22 of 1st period - Stopped by Marc-Andre Fleury with a rebound.
0:24 of 1st period - Shot by Anton Stralman.
0:24 of 1st period - Shot Misses the Net.
0:26 of 1st period - Shot by Dougie Hamilton.
0:26 of 1st period - Goal by Dougie Hamilton - Devils : 1 - Panthers : 0.
0:27 of 1st period - Boyd Gordon wins face-off versus Joe Thornton in neutral zone.
0:32 of 1st period - Justin Schultz is hit by Blake Wheeler and loses puck.
0:57 of 1st period - Justin Braun is hit by Drew Stafford and loses puck.
1:30 of 1st period - Shot by David Perron.
1:30 of 1st period - Stopped by Michal Neuvirth without a rebound.
1:31 of 1st period - Jori Lehtera wins face-off versus Darren Helm in Devils zone.
1:36 of 1st period - Shot by Jori Lehtera.
1:36 of 1st period - Shot Blocked by Dougie Hamilton.
2:34 of 1st period - Shot by Scott Wilson.
2:34 of 1st period - Shot Misses the Net.
2:37 of 1st period - Icing by T.J. Brodie.
2:38 of 1st period - Boyd Gordon wins face-off versus Logan Couture in Panthers zone.
2:53 of 1st period - Shayne Gostisbehere is hit by Logan Couture and loses puck.
3:28 of 1st period - Shot by Mikkel Boedker.
3:28 of 1st period - Stopped by Michal Neuvirth with a rebound.
3:42 of 1st period - Shot by Tanner Kero.
3:42 of 1st period - Deflect By Jesper Fast.
3:42 of 1st period - Stopped by Michal Neuvirth without a rebound.
3:43 of 1st period - Joe Thornton wins face-off versus Dustin Brown in Devils zone.
3:46 of 1st period - Shot by Blake Wheeler.
3:46 of 1st period - Shot Blocked by Dougie Hamilton.
4:22 of 1st period - Brooks Orpik is hit by Dustin Brown and loses puck.
4:52 of 1st period - Shot by Matthew Tkachuk.
4:52 of 1st period - Stopped by Michal Neuvirth without a rebound.
4:53 of 1st period - Boyd Gordon wins face-off versus Logan Couture in Devils zone.
5:04 of 1st period - Shot by Logan Couture.
5:04 of 1st period - Shot Misses the Net.
5:05 of 1st period - Minor Penalty to Nikolaj Ehlers for High sticking.
5:06 of 1st period - Darren Helm wins face-off versus Jesper Fast in Panthers zone.
5:11 of 1st period - Shot by Mike Cammalleri.
5:11 of 1st period - Stopped by Marc-Andre Fleury with a rebound.
5:21 of 1st period - Justin Braun is hit by Dustin Brown and loses puck.
6:17 of 1st period - Shot by Drew Stafford.
6:17 of 1st period - Stopped by Marc-Andre Fleury without a rebound.
6:18 of 1st period - Logan Couture wins face-off versus Dustin Brown in Panthers zone.
6:29 of 1st period - Shot by Mike Cammalleri.
6:29 of 1st period - Deflect By Dustin Brown.
6:29 of 1st period - Shot Misses the Net.
6:31 of 1st period - Shot by Darren Helm.
6:31 of 1st period - Deflect By Dustin Brown.
6:31 of 1st period - Stopped by Marc-Andre Fleury without a rebound.
6:32 of 1st period - Logan Couture wins face-off versus Ales Hemsky in Panthers zone.
7:11 of 1st period - Shot by Mike Cammalleri.
7:11 of 1st period - Deflect By Chris Terry.
7:11 of 1st period - Shot Misses the Net.
7:48 of 1st period - Icing by David Perron.
7:49 of 1st period - Matthew Tkachuk wins face-off versus Bryan Bickell in Panthers zone.
8:17 of 1st period - Dougie Hamilton is hit by Brian Campbell and loses puck.
9:24 of 1st period - Icing by T.J. Brodie.
9:25 of 1st period - Logan Couture wins face-off versus Mike Cammalleri in Panthers zone.
9:27 of 1st period - Icing by Patrick Kane.
9:28 of 1st period - Mike Cammalleri wins face-off versus Logan Couture in Panthers zone.
9:28 of 1st period - Mike Cammalleri is hit by Jacob Trouba.
9:44 of 1st period - Mike Cammalleri is hit by Jacob Trouba and loses puck.
9:59 of 1st period - Icing by T.J. Brodie.
10:00 of 1st period - Boyd Gordon wins face-off versus Logan Couture in Panthers zone.
10:00 of 1st period - Boyd Gordon is hit by Jacob Trouba.
10:28 of 1st period - Shot by Patrik Laine.
10:28 of 1st period - Shot Misses the Net.
10:41 of 1st period - Shot by Blake Wheeler.
10:41 of 1st period - Shot Blocked by Justin Schultz.
11:02 of 1st period - Icing by Justin Schultz.
11:03 of 1st period - Boyd Gordon wins face-off versus Jori Lehtera in Devils zone.
12:15 of 1st period - Shot by Jesper Fast.
12:15 of 1st period - Stopped by Michal Neuvirth without a rebound.
12:16 of 1st period - Joe Thornton wins face-off versus Bryan Bickell in Devils zone.
12:37 of 1st period - Shot by Blake Wheeler.
12:37 of 1st period - Shot Misses the Net.
12:39 of 1st period - Shot by Danny DeKeyser.
12:39 of 1st period - Stopped by Michal Neuvirth with a rebound.
12:41 of 1st period - Shot by Joe Thornton.
12:41 of 1st period - Shot Misses the Net.
12:43 of 1st period - Shot by Patrik Laine.
12:43 of 1st period - Stopped by Michal Neuvirth without a rebound.
12:44 of 1st period - Logan Couture wins face-off versus Darren Helm in Devils zone.
12:47 of 1st period - Shot by Patrick Kane.
12:47 of 1st period - Stopped by Michal Neuvirth without a rebound.
12:48 of 1st period - Darren Helm wins face-off versus Logan Couture in Devils zone.
13:15 of 1st period - Shot by Dustin Brown.
13:15 of 1st period - Stopped by Marc-Andre Fleury without a rebound.
13:16 of 1st period - Patrik Laine wins face-off versus Bryan Bickell in Panthers zone.
13:16 of 1st period - Blake Wheeler is hit by Scott Wilson and loses puck.
13:22 of 1st period - Bryan Bickell is hit by Justin Braun and loses puck.
13:35 of 1st period - Shot by Ales Hemsky.
13:35 of 1st period - Shot Blocked by Danny DeKeyser.
14:35 of 1st period - Shot by Justin Schultz.
14:35 of 1st period - Shot Misses the Net.
14:37 of 1st period - Shot by Justin Schultz.
14:37 of 1st period - Shot Misses the Net.
14:57 of 1st period - Shot by Justin Schultz.
14:57 of 1st period - Shot Misses the Net.
14:59 of 1st period - Shot by Shayne Gostisbehere.
14:59 of 1st period - Shot Misses the Net.
16:56 of 1st period - Shot by Shayne Gostisbehere.
16:56 of 1st period - Shot Misses the Net.
17:00 of 1st period - Shot by Pavel Zacha.
17:00 of 1st period - Deflect By Drew Stafford.
17:00 of 1st period - Shot Misses the Net.
17:11 of 1st period - Icing by Brooks Orpik.
17:12 of 1st period - Jori Lehtera wins face-off versus Pavel Zacha in Panthers zone.
18:44 of 1st period - Shot by Tanner Kero.
18:44 of 1st period - Shot Misses the Net.
19:00 of 1st period - Shot by Justin Schultz.
19:00 of 1st period - Stopped by Marc-Andre Fleury without a rebound.
19:01 of 1st period - Joe Thornton wins face-off versus Bryan Bickell in Panthers zone.
19:21 of 1st period - Ales Hemsky is hit by Jacob Trouba and loses puck.
19:29 of 1st period - Scott Wilson is hit by Jacob Trouba and loses puck.
Goals for this period are 1 for Devils vs 0 for Panthers.
Shots for this period are 7 for Devils vs 8 for Panthers.

2nd period


0:01 of 2nd period - Logan Couture wins face-off versus Darren Helm in neutral zone.
0:24 of 2nd period - Minor Penalty to Jacob Trouba for Hooking.
0:25 of 2nd period - Boyd Gordon wins face-off versus Tanner Kero in Panthers zone.
0:28 of 2nd period - Shot by Justin Schultz.
0:28 of 2nd period - Stopped by Marc-Andre Fleury without a rebound.
0:29 of 2nd period - Tanner Kero wins face-off versus Boyd Gordon in Panthers zone.
0:52 of 2nd period - Shot by Drew Stafford.
0:52 of 2nd period - Stopped by Marc-Andre Fleury without a rebound.
0:53 of 2nd period - Darren Helm wins face-off versus Tanner Kero in Panthers zone.
1:28 of 2nd period - Shot by Dougie Hamilton.
1:28 of 2nd period - Shot Blocked by Danny DeKeyser.
2:04 of 2nd period - T.J. Brodie is hit by Drew Stafford and loses puck.
2:09 of 2nd period - Shot by Justin Schultz.
2:09 of 2nd period - Stopped by Marc-Andre Fleury without a rebound.
2:10 of 2nd period - Boyd Gordon wins face-off versus David Perron in Panthers zone.
2:13 of 2nd period - Shot by Justin Schultz.
2:13 of 2nd period - Stopped by Marc-Andre Fleury without a rebound.
2:14 of 2nd period - Tanner Kero wins face-off versus Drew Stafford in Panthers zone.
2:23 of 2nd period - Shot by Anton Stralman.
2:23 of 2nd period - Stopped by Marc-Andre Fleury without a rebound.
2:24 of 2nd period - Logan Couture wins face-off versus Chris Terry in Panthers zone.
2:24 of 2nd period - Minor Penalty to Dustin Brown for Holding.
2:25 of 2nd period - Logan Couture wins face-off versus Scott Wilson in Devils zone.
2:30 of 2nd period - Shot by Patrick Kane.
2:30 of 2nd period - Shot Misses the Net.
2:32 of 2nd period - Shot by Jacob Trouba.
2:32 of 2nd period - Shot Misses the Net.
2:34 of 2nd period - Shot by T.J. Brodie.
2:34 of 2nd period - Shot Misses the Net.
2:36 of 2nd period - Shot by Jacob Trouba.
2:36 of 2nd period - Shot Blocked by Shayne Gostisbehere.
2:38 of 2nd period - Shot by Logan Couture.
2:38 of 2nd period - Deflect By Patrik Laine.
2:38 of 2nd period - Stopped by Michal Neuvirth without a rebound.
2:39 of 2nd period - Joe Thornton wins face-off versus Scott Wilson in Devils zone.
2:48 of 2nd period - Shot by Nikolaj Ehlers.
2:48 of 2nd period - Stopped by Michal Neuvirth with a rebound.
2:50 of 2nd period - Shot by Justin Braun.
2:50 of 2nd period - Shot Misses the Net.
3:12 of 2nd period - Shot by Blake Wheeler.
3:12 of 2nd period - Stopped by Michal Neuvirth with a rebound.
3:14 of 2nd period - Shot by Justin Braun.
3:14 of 2nd period - Shot Misses the Net.
3:16 of 2nd period - Shot by Justin Braun.
3:16 of 2nd period - Stopped by Michal Neuvirth without a rebound.
3:17 of 2nd period - Logan Couture wins face-off versus Darren Helm in Devils zone.
4:09 of 2nd period - Off-side.
4:10 of 2nd period - Nikolaj Ehlers wins face-off versus Scott Wilson in neutral zone.
4:43 of 2nd period - Shot by Drew Stafford.
4:43 of 2nd period - Stopped by Marc-Andre Fleury with a rebound.
4:45 of 2nd period - Shot by Adam Pardy.
4:45 of 2nd period - Stopped by Marc-Andre Fleury without a rebound.
4:46 of 2nd period - Tanner Kero wins face-off versus Dustin Brown in Panthers zone.
4:46 of 2nd period - Tanner Kero is hit by Darren Helm.
4:56 of 2nd period - Shot by Brian Campbell.
4:56 of 2nd period - Shot Misses the Net.
4:58 of 2nd period - Shot by Brian Campbell.
4:58 of 2nd period - Stopped by Michal Neuvirth without a rebound.
4:59 of 2nd period - Logan Couture wins face-off versus Bryan Bickell in Devils zone.
4:59 of 2nd period - Nikolaj Ehlers is hit by Justin Schultz.
5:07 of 2nd period - Shot by Ales Hemsky.
5:07 of 2nd period - Stopped by Marc-Andre Fleury without a rebound.
5:08 of 2nd period - Boyd Gordon wins face-off versus Logan Couture in Panthers zone.
5:08 of 2nd period - Boyd Gordon is hit by Jacob Trouba.
5:18 of 2nd period - Patrick Kane is hit by Drew Stafford and loses puck.
5:58 of 2nd period - Icing by Dougie Hamilton.
5:59 of 2nd period - Patrik Laine wins face-off versus Boyd Gordon in Devils zone.
6:16 of 2nd period - Shot by Joe Thornton.
6:16 of 2nd period - Stopped by Michal Neuvirth without a rebound.
6:17 of 2nd period - Jori Lehtera wins face-off versus Darren Helm in Devils zone.
6:28 of 2nd period - Shot by Darren Helm.
6:28 of 2nd period - Shot Misses the Net.
6:30 of 2nd period - Shot by Darren Helm.
6:30 of 2nd period - Stopped by Marc-Andre Fleury with a rebound.
6:40 of 2nd period - Shot by Dustin Brown.
6:40 of 2nd period - Stopped by Marc-Andre Fleury with a rebound.
6:48 of 2nd period - Shot by Darren Helm.
6:48 of 2nd period - Deflect By Mike Cammalleri.
6:48 of 2nd period - Stopped by Marc-Andre Fleury without a rebound.
6:49 of 2nd period - Bryan Bickell wins face-off versus Logan Couture in Panthers zone.
6:54 of 2nd period - Shot by Ales Hemsky.
6:54 of 2nd period - Goal by Ales Hemsky - Devils : 2 - Panthers : 0.
6:55 of 2nd period - Logan Couture wins face-off versus Bryan Bickell in neutral zone.
6:59 of 2nd period - Minor Penalty to Jakub Kindl for Tripping.
7:00 of 2nd period - Dustin Brown wins face-off versus Logan Couture in Devils zone.
7:29 of 2nd period - Shot by Logan Couture.
7:29 of 2nd period - Stopped by Michal Neuvirth without a rebound.
7:30 of 2nd period - Darren Helm wins face-off versus Joe Thornton in Devils zone.
8:40 of 2nd period - Shot by Patrik Laine.
8:40 of 2nd period - Stopped by Michal Neuvirth without a rebound.
8:41 of 2nd period - Logan Couture wins face-off versus Dustin Brown in Devils zone.
9:10 of 2nd period - Shot by Ales Hemsky.
9:10 of 2nd period - Deflect By Scott Wilson.
9:10 of 2nd period - Shot Blocked by Justin Braun.
9:12 of 2nd period - Shot by Ales Hemsky.
9:12 of 2nd period - Shot Misses the Net.
9:24 of 2nd period - Shot by Ales Hemsky.
9:24 of 2nd period - Shot Blocked by Justin Braun.
9:51 of 2nd period - Shot by Pavel Zacha.
9:51 of 2nd period - Stopped by Marc-Andre Fleury without a rebound.
9:52 of 2nd period - Boyd Gordon wins face-off versus Jesper Fast in Panthers zone.
10:20 of 2nd period - Icing by Justin Schultz.
10:21 of 2nd period - Boyd Gordon wins face-off versus Logan Couture in Devils zone.
10:21 of 2nd period - Boyd Gordon is hit by Logan Couture.
10:36 of 2nd period - Icing by Logan Couture.
10:37 of 2nd period - Darren Helm wins face-off versus Logan Couture in Panthers zone.
10:40 of 2nd period - Shot by Mike Cammalleri.
10:40 of 2nd period - Stopped by Marc-Andre Fleury without a rebound.
10:41 of 2nd period - Joe Thornton wins face-off versus Darren Helm in Panthers zone.
10:51 of 2nd period - Icing by Anton Stralman.
10:52 of 2nd period - Logan Couture wins face-off versus Dustin Brown in Devils zone.
10:53 of 2nd period - Shot by Patrick Kane.
10:53 of 2nd period - Shot Misses the Net.
11:24 of 2nd period - Darren Helm is hit by Jacob Trouba and loses puck.
12:16 of 2nd period - Off-side.
12:17 of 2nd period - Joe Thornton wins face-off versus Bryan Bickell in neutral zone.
12:53 of 2nd period - Shot by Patrik Laine.
12:53 of 2nd period - Shot Misses the Net.
12:55 of 2nd period - Shot by Danny DeKeyser.
12:55 of 2nd period - Goal by Danny DeKeyser - Devils : 2 - Panthers : 1.
12:56 of 2nd period - Jori Lehtera wins face-off versus Boyd Gordon in neutral zone.
13:13 of 2nd period - Jori Lehtera is hit by Pavel Zacha and loses puck.
13:20 of 2nd period - Shot by Justin Schultz.
13:20 of 2nd period - Stopped by Marc-Andre Fleury without a rebound.
13:21 of 2nd period - Tanner Kero wins face-off versus Dustin Brown in Panthers zone.
13:30 of 2nd period - Shot by Dustin Brown.
13:30 of 2nd period - Stopped by Marc-Andre Fleury with a rebound.
13:32 of 2nd period - Shot by Mike Cammalleri.
13:32 of 2nd period - Stopped by Marc-Andre Fleury without a rebound.
13:33 of 2nd period - Darren Helm wins face-off versus Joe Thornton in Panthers zone.
13:49 of 2nd period - Mike Cammalleri is hit by Jacob Trouba.
14:25 of 2nd period - Justin Schultz is hit by Logan Couture and loses puck.
14:56 of 2nd period - Shot by Patrick Kane.
14:56 of 2nd period - Stopped by Michal Neuvirth without a rebound.
14:57 of 2nd period - Jori Lehtera wins face-off versus Bryan Bickell in Devils zone.
14:57 of 2nd period - David Perron is hit by Jakub Kindl and loses puck.
15:02 of 2nd period - Shot by Jori Lehtera.
15:02 of 2nd period - Shot Blocked by Jakub Kindl.
15:06 of 2nd period - Shot by Matthew Tkachuk.
15:06 of 2nd period - Stopped by Michal Neuvirth without a rebound.
15:07 of 2nd period - Scott Wilson wins face-off versus Tanner Kero in Devils zone.
16:31 of 2nd period - Shot by Drew Stafford.
16:31 of 2nd period - Shot Misses the Net.
17:20 of 2nd period - T.J. Brodie is hit by Chris Terry.
17:21 of 2nd period - Icing by T.J. Brodie.
17:22 of 2nd period - Logan Couture wins face-off versus Bryan Bickell in Panthers zone.
17:29 of 2nd period - Dougie Hamilton is hit by Logan Couture and loses puck.
17:38 of 2nd period - Shot by Patrick Kane.
17:38 of 2nd period - Stopped by Michal Neuvirth without a rebound.
17:39 of 2nd period - Darren Helm wins face-off versus Blake Wheeler in Devils zone.
17:43 of 2nd period - Icing by Mike Cammalleri.
17:44 of 2nd period - Darren Helm wins face-off versus Nikolaj Ehlers in Devils zone.
18:53 of 2nd period - Off-side.
18:54 of 2nd period - Jori Lehtera wins face-off versus Bryan Bickell in neutral zone.
19:00 of 2nd period - Justin Schultz is hit by Matthew Tkachuk and loses puck.
Goals for this period are 1 for Devils vs 1 for Panthers.
Shots for this period are 17 for Devils vs 12 for Panthers.

3rd period


0:01 of 3rd period - Logan Couture wins face-off versus Darren Helm in neutral zone.
0:15 of 3rd period - Nikolaj Ehlers is hit by Dougie Hamilton and loses puck.
0:23 of 3rd period - Nikolaj Ehlers is hit by Dougie Hamilton and loses puck.
1:18 of 3rd period - Joe Thornton is hit by Shayne Gostisbehere and loses puck.
1:25 of 3rd period - Shot by Patrik Laine.
1:25 of 3rd period - Stopped by Michal Neuvirth without a rebound.
1:26 of 3rd period - Jori Lehtera wins face-off versus Bryan Bickell in Devils zone.
1:26 of 3rd period - Jori Lehtera is hit by Jakub Kindl.
1:49 of 3rd period - Icing by David Perron.
1:50 of 3rd period - Jori Lehtera wins face-off versus Dustin Brown in Panthers zone.
1:52 of 3rd period - Icing by David Perron.
1:53 of 3rd period - Jori Lehtera wins face-off versus Darren Helm in Panthers zone.
1:53 of 3rd period - Jori Lehtera is hit by Darren Helm.
2:28 of 3rd period - Shot by Darren Helm.
2:28 of 3rd period - Stopped by Marc-Andre Fleury without a rebound.
2:28 of 3rd period - Minor Penalty to Brooks Orpik for Tripping.
2:29 of 3rd period - Boyd Gordon wins face-off versus Tanner Kero in Panthers zone.
2:48 of 3rd period - Shot by Drew Stafford.
2:48 of 3rd period - Shot Misses the Net.
2:52 of 3rd period - Shot by Justin Schultz.
2:52 of 3rd period - Shot Misses the Net.
2:54 of 3rd period - Shot by Shayne Gostisbehere.
2:54 of 3rd period - Stopped by Marc-Andre Fleury with a rebound.
2:56 of 3rd period - Shot by Boyd Gordon.
2:56 of 3rd period - Deflect By Drew Stafford.
2:56 of 3rd period - Shot Misses the Net.
2:58 of 3rd period - Shot by Shayne Gostisbehere.
2:58 of 3rd period - Stopped by Marc-Andre Fleury without a rebound.
2:59 of 3rd period - Darren Helm wins face-off versus Tanner Kero in Panthers zone.
3:04 of 3rd period - Shot by Dougie Hamilton.
3:04 of 3rd period - Shot Misses the Net.
3:06 of 3rd period - Shot by Anton Stralman.
3:06 of 3rd period - Stopped by Marc-Andre Fleury with a rebound.
3:14 of 3rd period - Shot by Dougie Hamilton.
3:14 of 3rd period - Stopped by Marc-Andre Fleury without a rebound.
3:15 of 3rd period - Boyd Gordon wins face-off versus Logan Couture in Panthers zone.
3:34 of 3rd period - Shot by Shayne Gostisbehere.
3:34 of 3rd period - Shot Blocked by Jacob Trouba.
3:45 of 3rd period - Off-side.
3:46 of 3rd period - Logan Couture wins face-off versus Darren Helm in neutral zone.
4:11 of 3rd period - Shot by Anton Stralman.
4:11 of 3rd period - Stopped by Marc-Andre Fleury without a rebound.
4:12 of 3rd period - Tanner Kero wins face-off versus Darren Helm in Panthers zone.
4:12 of 3rd period - Tanner Kero is hit by Dustin Brown.
4:22 of 3rd period - Shot by Jesper Fast.
4:22 of 3rd period - Stopped by Michal Neuvirth without a rebound.
4:23 of 3rd period - Tanner Kero wins face-off versus Ales Hemsky in Devils zone.
4:42 of 3rd period - Shot by Ales Hemsky.
4:42 of 3rd period - Deflect By Bryan Bickell.
4:42 of 3rd period - Shot Blocked by Danny DeKeyser.
4:52 of 3rd period - Shot by Blake Wheeler.
4:52 of 3rd period - Shot Misses the Net.
4:54 of 3rd period - Shot by Joe Thornton.
4:54 of 3rd period - Stopped by Michal Neuvirth without a rebound.
4:55 of 3rd period - Boyd Gordon wins face-off versus Logan Couture in Devils zone.
4:55 of 3rd period - Boyd Gordon is hit by Nikolaj Ehlers.
5:29 of 3rd period - Drew Stafford is hit by Jacob Trouba and loses puck.
6:03 of 3rd period - Shot by Patrik Laine.
6:03 of 3rd period - Shot Misses the Net.
6:05 of 3rd period - Shot by Justin Braun.
6:05 of 3rd period - Deflect By Patrik Laine.
6:05 of 3rd period - Stopped by Michal Neuvirth with a rebound.
6:15 of 3rd period - Shot by Blake Wheeler.
6:15 of 3rd period - Stopped by Michal Neuvirth without a rebound.
6:16 of 3rd period - Bryan Bickell wins face-off versus Matthew Tkachuk in Devils zone.
6:27 of 3rd period - Shot by Ales Hemsky.
6:27 of 3rd period - Shot Blocked by Brian Campbell.
7:06 of 3rd period - Icing by Adam Pardy.
7:07 of 3rd period - Logan Couture wins face-off versus Bryan Bickell in Devils zone.
7:34 of 3rd period - Shot by Nikolaj Ehlers.
7:34 of 3rd period - Shot Misses the Net.
7:36 of 3rd period - Shot by Danny DeKeyser.
7:36 of 3rd period - Shot Misses the Net.
7:38 of 3rd period - Shot by Patrick Kane.
7:38 of 3rd period - Stopped by Michal Neuvirth with a rebound.
7:44 of 3rd period - Shot by Nikolaj Ehlers.
7:44 of 3rd period - Shot Misses the Net.
9:05 of 3rd period - Shot by David Perron.
9:05 of 3rd period - Shot Misses the Net.
9:07 of 3rd period - Shot by Brooks Orpik.
9:07 of 3rd period - Stopped by Michal Neuvirth without a rebound.
9:08 of 3rd period - Tanner Kero wins face-off versus Boyd Gordon in Devils zone.
9:13 of 3rd period - Shot by Jesper Fast.
9:13 of 3rd period - Shot Misses the Net.
9:15 of 3rd period - Shot by Justin Braun.
9:15 of 3rd period - Shot Misses the Net.
9:17 of 3rd period - Shot by Danny DeKeyser.
9:17 of 3rd period - Deflect By Jesper Fast.
9:17 of 3rd period - Shot Blocked by Shayne Gostisbehere.
9:23 of 3rd period - Shot by Mikkel Boedker.
9:23 of 3rd period - Shot Misses the Net.
9:25 of 3rd period - Shot by Justin Braun.
9:25 of 3rd period - Goal by Justin Braun - Devils : 2 - Panthers : 2.
9:26 of 3rd period - Nikolaj Ehlers wins face-off versus Dustin Brown in neutral zone.
9:38 of 3rd period - Patrick Kane is hit by Steven Kampfer.
10:12 of 3rd period - Icing by Steven Kampfer.
10:13 of 3rd period - Joe Thornton wins face-off versus Mike Cammalleri in Devils zone.
10:20 of 3rd period - Shot by Patrik Laine.
10:20 of 3rd period - Shot Blocked by Steven Kampfer.
10:39 of 3rd period - Shot by Joe Thornton.
10:39 of 3rd period - Stopped by Michal Neuvirth without a rebound.
10:40 of 3rd period - Boyd Gordon wins face-off versus Jori Lehtera in Devils zone.
11:59 of 3rd period - Shot by Nikolaj Ehlers.
11:59 of 3rd period - Stopped by Michal Neuvirth with a rebound.
12:01 of 3rd period - Shot by Nikolaj Ehlers.
12:01 of 3rd period - Stopped by Michal Neuvirth without a rebound.
12:02 of 3rd period - Boyd Gordon wins face-off versus Joe Thornton in Devils zone.
12:02 of 3rd period - Boyd Gordon is hit by Joe Thornton.
13:05 of 3rd period - Dougie Hamilton is hit by Logan Couture.
13:31 of 3rd period - Off-side.
13:32 of 3rd period - Darren Helm wins face-off versus Jori Lehtera in neutral zone.
13:40 of 3rd period - Mike Cammalleri is hit by Justin Braun and loses puck.
14:28 of 3rd period - Jori Lehtera is hit by Darren Helm and loses puck.
14:50 of 3rd period - Scott Wilson is hit by Jacob Trouba and loses puck.
15:29 of 3rd period - Ales Hemsky is hit by Jacob Trouba and loses puck.
16:40 of 3rd period - Shot by Pavel Zacha.
16:40 of 3rd period - Shot Blocked by Jacob Trouba.
16:42 of 3rd period - Shot by Dougie Hamilton.
16:42 of 3rd period - Stopped by Marc-Andre Fleury with a rebound.
16:48 of 3rd period - Shot by Scott Wilson.
16:48 of 3rd period - Shot Misses the Net.
16:50 of 3rd period - Shot by Pavel Zacha.
16:50 of 3rd period - Stopped by Marc-Andre Fleury without a rebound.
16:51 of 3rd period - Joe Thornton wins face-off versus Darren Helm in Panthers zone.
18:20 of 3rd period - Icing by Tanner Kero.
18:21 of 3rd period - Darren Helm wins face-off versus Tanner Kero in Panthers zone.
18:37 of 3rd period - Shot by Dustin Brown.
18:37 of 3rd period - Stopped by Marc-Andre Fleury without a rebound.
18:38 of 3rd period - Joe Thornton wins face-off versus Dustin Brown in Panthers zone.
18:57 of 3rd period - Minor Penalty to Dustin Brown for Roughing.
18:58 of 3rd period - Darren Helm wins face-off versus Joe Thornton in Devils zone.
18:58 of 3rd period - Darren Helm is hit by Matthew Tkachuk.
19:13 of 3rd period - Icing by Joe Thornton.
19:14 of 3rd period - Joe Thornton wins face-off versus Darren Helm in Panthers zone.
Goals for this period are 0 for Devils vs 1 for Panthers.
Shots for this period are 9 for Devils vs 11 for Panthers.

Overtime #1


0:01 of 1st overtime period - Logan Couture wins face-off versus Scott Wilson in neutral zone.
0:24 of 1st overtime period - Shot by Logan Couture.
0:24 of 1st overtime period - Stopped by Michal Neuvirth without a rebound.
0:25 of 1st overtime period - Logan Couture wins face-off versus Darren Helm in Devils zone.
0:54 of 1st overtime period - Shot by Logan Couture.
0:54 of 1st overtime period - Shot Misses the Net.
0:57 of 1st overtime period - Icing by Dougie Hamilton.
0:58 of 1st overtime period - Mike Cammalleri wins face-off versus Joe Thornton in Devils zone.
1:13 of 1st overtime period - Shot by Dustin Brown.
1:13 of 1st overtime period - Shot Misses the Net.
2:15 of 1st overtime period - Shot by Patrick Kane.
2:15 of 1st overtime period - Deflect By Blake Wheeler.
2:15 of 1st overtime period - Shot Misses the Net.
2:47 of 1st overtime period - Shot by Ales Hemsky.
2:47 of 1st overtime period - Goal by Ales Hemsky - Devils : 3 - Panthers : 2.
Goals for this period are 1 for Devils vs 0 for Panthers.
Shots for this period are 1 for Devils vs 1 for Panthers.